 Dungeon Crawl Stone Soup version 0.30-a0-1103-g25895a7845 (webtiles) character file.

Game seed: 9551594387340349742

1272 IdlyInterested the Trooper (level 8, -10/65 HPs)
             Began as a Demonspawn Fighter on Apr 18, 2023.
             Killed by divine providence
             ... invoked by an orc priest
              (13 damage)
             ... on level 7 of the Dungeon.
             The game lasted 00:19:30 (5729 turns).

IdlyInterested the Trooper (Demonspawn Fighter)     Turns: 5729, Time: 00:19:30

Health: -10/65     AC: 15    Str: 16    XL:     8   Next: 28%
Magic:  8/8        EV:  6    Int: 10    God:
Gold:   48         SH:  0    Dex: 24    Spells: 7/7 levels left

rFire   . . .      SeeInvis .    a - +0 flail
rCold   . . .      Faith    .    c - +0 buckler
rNeg    . . .      Spirit   .    m - +0 plate armour
rPois   .          Reflect  .    (helmet restricted)
rElec   .          Rampage  .    r - +0 cloak
rCorr   .                        o - +2 pair of gloves
Will    +....                    (no boots) Stlth
                                 u - amulet "Peutiops" {Contam Regen+ Dex+5}
HPRegen 1.10/turn                s - ring of willpower
MPRegen 0.22/turn                (no ring)

@: confused, mighty, lethally poisoned (-10 -> -14), ambrosia-drunk
A: horns 2, thin skeletal structure 2, powered by death 1, magic regeneration
a: no special abilities


You were on level 7 of the Dungeon.
You visited 2 branches of the dungeon, and saw 8 of its levels.

You collected 322 gold pieces.
You spent 274 gold pieces at shops.

Inventory:

Hand Weapons
 a - a +0 flail (weapon)
Missiles
 e - 67 stones
 B - 4 boomerangs
 H - 6 poisoned darts (quivered)
Armour
 c - a +0 buckler (worn)
 m - a +0 plate armour (worn)
 o - a +2 pair of gloves (worn)
 r - a +0 cloak (worn)
 y - a scarf of shadows
Jewellery
 s - a ring of willpower (left hand)
 u - the amulet "Peutiops" (around neck) {Contam Regen+ Dex+5}
   (You found it on level 2 of the Dungeon)

   [amulet of regeneration]

   Dex:       It affects your dexterity (+5).
   Contam:    It causes magical contamination when unequipped.
   Regen:     It increases your rate of health regeneration.
Wands
 E - a wand of flame (2)
Scrolls
 b - 2 scrolls of immolation {unknown}
 f - 4 scrolls of poison {unknown}
 i - 2 scrolls of amnesia {unknown}
 q - 3 scrolls of noise {unknown}
 w - a scroll of fear {unknown}
 z - a scroll of teleportation {unknown}
 A - 2 scrolls of magic mapping {unknown}
Potions
 d - 2 potions of might
 g - 2 potions of brilliance
 h - a potion of resistance
 j - 4 potions of curing
 l - 2 potions of haste
 n - a potion of lignification {unknown}
 p - 2 potions of ambrosia
 t - 2 potions of flight
 x - a potion of degeneration {unknown}
 C - a potion of magic {unknown}
 G - a potion of mutation


   Skills:
 + Level 6.9 Fighting
 * Level 2.5 Maces & Flails
 - Level 1.0 Throwing
 + Level 3.0 Armour
 - Level 3.0 Dodging
 - Level 2.0 Stealth
 - Level 6.0 Shields
 - Level 1.0 Evocations


You had 7 spell levels left.
You didn't know any spells.
Your spell library contained the following spells:

 Spells                   Type           Power      Damage    Failure   Level
 Shock                    Conj/Air       0%         1d3       100%        1
 Call Canine Familiar     Summ           0%         N/A       100%        3
 Dazzling Flash           Conj/Hex       0%         N/A       100%        3
 Portal Projectile        Hex/Tloc       0%         N/A       100%        3
 Swiftness                Air            0%         N/A       100%        3
 Airstrike                Air            0%         2d(0-16)  100%        4
 Leda's Liquefaction      Hex/Erth       0%         N/A       100%        4
 Agony                    Necr           0%         N/A       100%        5
 Silence                  Hex/Air        0%         N/A       100%        5


Dungeon Overview and Level Annotations

Branches:
Dungeon (7/15)             Temple (1/1) D:5

Altars:
Ashenzari
Dithmenos
Gozag
Hepliaklqana
Kikubaaqudgha
Okawaru
Ru
Trog
Vehumet
Xom

Shops:
D:4 !   D:5 **


Innate Abilities, Weirdness & Mutations

You have a pair of horns on your head.
You have a moderately thin skeletal structure. (Dex +4, Stealth++)
You regenerate a little health from kills.
You regenerate magic rapidly.


Message History

* * * LOW HITPOINT WARNING * * *
The orc burns you.
* * * LOW HITPOINT WARNING * * *
You are confused.
You feel invigorated.
You feel sick.
The orc warrior hits you with a +0 flail.
* * * LOW HITPOINT WARNING * * *
The orc priest hits you but does no damage.
The orc hits you but does no damage. The orc wizard barely misses you.
The orc hits you but does no damage.
You are lethally poisoned!
You closely miss the orc priest. Your headbutt misses the orc priest.
The orc priest is almost dead.
* * * LOW HITPOINT WARNING * * *
You feel very sick.
The orc warrior hits you but does no damage.
The orc priest hits you with a +0 mace.
* * * LOW HITPOINT WARNING * * *
The orc barely misses you.
The orc wizard gestures at you while chanting.
The magic dart hits you but does no damage.
The orc hits you but does no damage.
You are more poisoned.
You completely miss the orc wizard.
* * * LOW HITPOINT WARNING * * *
You feel extremely sick.
The orc warrior hits you but does no damage.
The orc priest looks braver for a moment.
The orc wizard gestures wildly while chanting.
The orc wizard flickers and vanishes!
Deactivating autopickup; reactivate with Ctrl-A.
The orc hits you but does no damage. x2
You barely miss the orc priest.
The orc priest is almost dead.
* * * LOW HITPOINT WARNING * * *
You feel very sick.
The orc warrior hits you but does no damage.
The orc priest calls down the wrath of Beogh upon you.
Beogh smites you!
You die...

# #######.(...
#<.........#
#..........#
#...)........#
###..........#
#.......:..#
#......o{o.#
#......o@o.#
#..........#
############


You could see an orc warrior, an orc priest and 2 orcs.

Vanquished Creatures
  Grinder (D:6)
  Duvessa (D:4)
  A black bear (D:3)
  A centaur (D:6)
  A phantom (D:7)
  A kobold brigand (D:6)
  A scorpion (D:5)
  Dowan (D:4)
  An orc priest (D:7)
  4 hounds
  3 jellies
  2 sleepcaps
  2 iguanas
  4 gnolls (D:6)
  6 adders
  A shadow imp (D:5)
  An ufetubus (D:5)
  2 worms
  4 dart slugs
  12 orcs
  5 bats
  9 endoplasms
  3 giant cockroaches
  7 goblins
  2 hobgoblins (D:4)
  7 jackals
  13 kobolds
  5 quokkas
  4 ball pythons
  5 frilled lizards
  3 rats (D:1)
113 creatures vanquished.

Notes
Turn   | Place    | Note
-------+----------+-------------------------------------------
     0 | D:1      | IdlyInterested the Demonspawn Fighter began the quest for
                  | the Orb.
     0 | D:1      | Reached XP level 1. HP: 18/18 MP: 1/1
   194 | D:1      | Gained mutation: You have a somewhat thin skeletal
                  | structure. (Dex +2, Stealth+) [demonic ancestry]
   194 | D:1      | Reached XP level 2. HP: 16/24 MP: 2/2
   434 | D:1      | Reached skill level 1 in Dodging
   518 | D:1      | Gained mutation: You regenerate a little health from kills.
                  | [demonic ancestry]
   518 | D:1      | Reached XP level 3. HP: 29/29 MP: 3/3
   538 | D:1      | Found a faded altar of an unknown god.
  1195 | D:2      | Identified the amulet "Peutiops" {Contam Regen+ Dex+5}
  1849 | D:3      | Gained mutation: You have a moderately thin skeletal
                  | structure. (Dex +4, Stealth++) [demonic ancestry]
  1849 | D:3      | Reached XP level 4. HP: 37/37 MP: 4/4
  1956 | D:3      | Noticed a black bear
  1971 | D:3      | Killed a black bear
  1972 | D:3      | Gained mutation: You have a pair of small horns on your
                  | head. [demonic ancestry]
  1972 | D:3      | Reached XP level 5. HP: 41/43 MP: 5/5
  2476 | D:4      | Reached skill level 1 in Stealth
  2500 | D:4      | Gained mutation: You have a pair of horns on your head.
                  | [demonic ancestry]
  2500 | D:4      | Reached XP level 6. HP: 47/49 MP: 6/6
  2532 | D:4      | Noticed Duvessa
  2576 | D:4      | Found Xepumidius's Distillery.
  2596 | D:4      | Noticed Dowan
  2612 | D:4      | HP: 2/50 [poisoned by Duvessa]
  2614 | D:4      | Killed Duvessa
  2615 | D:4      | Reached skill level 5 in Fighting
  2615 | D:4      | Reached skill level 1 in Throwing
  2626 | D:4      | Killed Dowan
  2966 | D:4      | Bought a potion of haste for 120 gold pieces
  2975 | D:5      | Entered Level 5 of the Dungeon
  3170 | D:5      | Reached XP level 7. HP: 57/57 MP: 7/7
  3195 | D:5      | Reached skill level 1 in Evocations
  3215 | D:5      | Found a staircase to the Ecumenical Temple.
  3225 | Temple   | Entered the Ecumenical Temple
  3790 | D:5      | Found Zanaapot's General Store.
  3793 | D:5      | Found Footastrai's Specific Store.
  4516 | D:4      | Bought a potion of mutation for 96 gold pieces
  4760 | D:6      | Reached skill level 5 in Shields
  5183 | D:6      | Noticed Grinder
  5192 | D:6      | Paralysed by Grinder for 3 turns
  5195 | D:6      | Killed Grinder
  5196 | D:6      | Gained mutation: You regenerate magic rapidly. [demonic
                  | ancestry]
  5196 | D:6      | Reached XP level 8. HP: 65/65 MP: 8/8
  5470 | D:4      | Bought a potion of flight for 36 gold pieces
  5509 | D:5      | Bought a scroll of identify for 22 gold pieces
  5727 | D:7      | HP: 1/65 [orc priest/+0 mace (3)]
  5729 | D:7      | Killed from afar by an orc priest

Illustrated notes

Levels and vault maps discovered:
D:1:      evilmike_arrival_rings, layout_basic, ebering_ecumenical_altar_rust,
          minmay_small_reverse_x
D:2:      layout_loops_ring
D:3:      layout_rooms
D:4:      layout_cave_pools, serial_shops, shop, minmay_strange_pillars,
          uniq_duvessa
D:5:      layout_layer_cave, minmay_temple_entry_grid, nicolae_specific_store
D:6:      layout_basic, uniq_grinder
D:7:      layout_rooms, lemuel_zombie_altar_yredelemnul, serial_shops, shop,
          shop, shop
Temple:   nicolae_temple_bog_church

Skill      XL: |  1  2  3  4  5  6  7  8 |
---------------+-------------------------+-----
Maces & Flails | 2 |  2.5
Armour         | 3 |  3.0
Dodging        | 1 2 3 |  3.0
Fighting       | 4 5 6 |  6.9
Shields        | 3 5 6 |  6.0
Stealth        | 1 2 |  2.0
Throwing       | 1 |  1.0
Evocations     | 1 |  1.0

Action                     |  1- 3 |  4- 6 |  7- 9 || total
---------------------------+-------+-------+-------++-------
  Melee: Flail             |   146 |   122 |   129 ||   397
         Headbutt          |       |    23 |    33 ||    56
  Throw: Stone             |       |     1 |       ||     1
         Dart              |       |       |     1 ||     1
    Use: Potion            |       |     2 |     2 ||     4
         Scroll            |       |       |     3 ||     3
   Stab: Sleeping          |     2 |     3 |     3 ||     8
 Armour: Scale mail        |    65 |    87 |       ||   152
         Chain mail        |       |    44 |    73 ||   117
         Plate armour      |       |       |    33 ||    33
  Dodge: Dodged            |    69 |   108 |    61 ||   238
  Block: Buckler           |    37 |    63 |    68 ||   168

Table legend: (Time is in decaauts)
 A = Elapsed time spent in this place.
 B = Non-inter-level travel time spent in this place.
 C = Inter-level travel time spent in this place.
 D = Time resting spent in this place.
 E = Time spent auto-exploring this place.
 F = Levels seen in this place.
 G = Mean time per level.
                   A        B        C        D        E       F      G
               +--------+--------+--------+--------+--------+-----+--------+
         Total |   5894 |   4950 |    944 |    352 |   2960 |   8 |  736.8 |
       Dungeon |   5683 |   4763 |    920 |    352 |   2785 |   7 |  811.9 |
        Temple |    211 |    187 |     24 |      0 |    175 |   1 |  211.0 |
               +--------+--------+--------+--------+--------+-----+--------+

Top non-repeatable levels by time:
     D:5: 1508 daAuts
     D:1: 974 daAuts
     D:6: 948 daAuts
     D:2: 855 daAuts
     D:4: 745 daAuts
     D:3: 615 daAuts
  Temple: 211 daAuts
     D:7: 36 daAuts
